 Dungeon Crawl Stone Soup version 0.18-a0-1140-g8540535 (webtiles) character file.

30321 Oddball22 the Cruncher (level 13, -9/98 HPs)
             Began as a Demonspawn Berserker on Jan 21, 2016.
             Was a High Priest of Trog.
             Mangled by a fire vortex (20 damage)
             ... in a volcano.
             The game lasted 00:35:52 (13420 turns).

Oddball22 the Cruncher (Demonspawn Berserker)      Turns: 13420, Time: 00:35:52

Health: -9/98      AC: 17    Str: 21    XL:     13   Next: 19%
Magic:  13/13      EV: 24    Int:  9    God:    Trog [*****.]
Gold:   726        SH:  0    Dex: 27    Spells: 0 memorised, 12 levels left

rFire  . . .     SeeInvis .     f - +7 quarterstaff "Giantslayer" {freeze, rC- MR+++ Str+4 Dex+4}
rCold  + . .     Gourm    +     T - +3 leather armour {rF+}
rNeg   . . .     Faith    .     (shield currently unavailable)
rPois  .         Spirit   .     X - +2 hat
rElec  .         Dismiss  .     a - +0 cloak
rCorr  .         Reflect  .     (no gloves)
SustAt .         Harm     .     (boots unavailable)
MR     ++++.                    x - amulet of the gourmand
Stlth  +++.......               s - ring of protection from magic
                                z - ring of the Ant {Ice Dex+7}

@: incredibly resistant to hostile enchantments, fairly stealthy
A: hooves 3, rough black scales 2, cold resistance 1, nightstalker 1, spiny 1
a: Berserk, Trog's Hand, Brothers in Arms, Burn Spellbooks, Renounce Religion


You were in a volcano.
You worshipped Trog.
Trog was extremely pleased with you.
You were completely stuffed.

You visited 2 branches of the dungeon, and saw 13 of its levels.
You also visited: Volcano.

You collected 726 gold pieces.

Inventory:

Hand Weapons
 f - the +7 quarterstaff "Giantslayer" (weapon) {freeze, rC- MR+++ Str+4 Dex+4}
   (You found it on level 4 of the Dungeon)

   It has been specially enchanted to freeze those struck by it, causing extra
   injury to most foes and up to half again as much damage against particularly
   susceptible opponents.
   It can also slow down cold-blooded creatures.
   It affects your strength (+4).
   It affects your dexterity (+4).
   It makes you vulnerable to cold.
   It affects your resistance to hostile enchantments.
 h - a +1 antimagic spear
 o - a +0 demon trident of electrocution
 u - a +3 whip
 v - a +1 whip of pain
 O - a +0 whip of flaming
 S - a +2 antimagic dire flail
 V - a +5 triple crossbow of flaming
Missiles
 I - 60 bolts
Armour
 a - a +0 cloak (worn)
 t - a +2 scale mail of magic resistance
 T - a +3 leather armour of fire resistance (worn)
 W - a +1 leather armour of cold resistance
 X - a +2 hat (worn)
Jewellery
 b - a +3 ring of protection
 g - an uncursed ring of sustain attributes
 q - an uncursed ring of fire
 s - a ring of protection from magic (right hand)
 x - an amulet of the gourmand (around neck)
 z - the ring of the Ant (left hand) {Ice Dex+7}
   (You found it on level 3 of the Lair of Beasts)

   [ring of ice]

   It enhances your ice magic, and weakens your fire magic.
   It affects your dexterity (+7).
   It makes you vulnerable to fire.
   It protects you from cold.
 Q - an uncursed amulet of magic regeneration
 U - a cursed -2 ring of evasion {unknown}
Wands
 m - a wand of frost (25/48)
 A - a wand of flame (37/48)
 C - a wand of disintegration (16/24)
 G - a wand of draining (14/15)
 N - a wand of polymorph (8/24)
Scrolls
 i - 2 scrolls of immolation
 j - 7 scrolls of identify
 l - a scroll of random uselessness
 p - 8 scrolls of teleportation
 w - 2 scrolls of recharging
 y - 3 scrolls of remove curse
 B - 6 scrolls of amnesia
 E - 4 scrolls of magic mapping
 H - a scroll of fog
 R - a scroll of summoning
 Y - a scroll of fear
Potions
 d - 4 potions of lignification
 e - 7 potions of curing
 n - 2 potions of poison
 r - a potion of might
 D - 2 potions of magic {unknown}
 M - a potion of brilliance
Comestibles
 c - 9 bread rations
 k - 2 royal jellies
 F - 7 meat rations
 J - 10 chunks of flesh
 K - a slice of pizza
 L - 12 fruits
 P - 6 beef jerkies


   Skills:
 + Level 7.7 Fighting
 - Level 9.7(11.7) Maces & Flails
 * Level 10.9(12.3) Staves
 + Level 1.5 Crossbows
 + Level 9.7 Armour
 + Level 10.2 Dodging


You had 12 spell levels left.
You didn't know any spells.

Dungeon Overview and Level Annotations

Branches:
Dungeon (8/15)             Temple (0/1) D:5            Lair (5/8) D:8
  Swamp: Lair:3-6    Shoals: Lair:3-6     Snake: Lair:3-6    Spider: Lair:3-6

Altars:
Ashenzari
Cheibriados
Elyvilon
Fedhas
Kikubaaqudgha
Pakellas
Qazlal
Vehumet
Xom
The Shining One

Shops:
D:6 !


Innate Abilities, Weirdness & Mutations

You have hooves in place of feet.
You are mostly covered in rough black scales (AC +7, Dex -2).
Your flesh is cold resistant.
You are slightly more attuned to the shadows.
You are partially covered in sharp spines.


Message History

The fire elemental hits you. The fire elemental burns you!
You hit the fire elemental. You freeze the fire elemental.
You destroy the fire elemental!
Read which item? (? for menu, Esc to quit)
As you read the scroll of teleportation, it crumbles to dust.
You feel strangely unstable.
Your surroundings seem slightly different.
You are engulfed in roaring flames.
You thump the fire vortex! You freeze the fire vortex.
You kick the fire vortex.
The fire vortex is almost destroyed.
You are engulfed in roaring flames.
The fire vortex hits you. The fire vortex burns you!
* * * LOW HITPOINT WARNING * * *
The fire vortex dissipates!
Really walk into that cloud of flame?
Okay, then.
The fire vortex is struck by your spines.
The fire vortex hits you. The fire vortex burns you!
You die...

##...§## #....≈§#
#####+..∩.§≈#
##≈≈###...§≈≈# ## ##
####≈§§≈≈#..§≈≈≈#
+#§##≈###§.≈≈≈§§≈##...≈≈#
#§§≈≈≈≈≈@##.≈≈≈≈§'..∩.§§#
#.§≈≈v§≈§###..≈≈.#....≈§#
#.≈§§≈§## ##.≈.##....≈##
#.§≈§§§# #...####.###
##.≈≈.## ##### ### #.§§§#
##§§§# #####


You could see a fire vortex.

Vanquished Creatures
  Rupert (Lair:4)
  Gastronok (Lair:3)
  The ghost of Herrn the Cleaver, a journeyman FoFi of Okawaru (Lair:3)
  3 hydras
  A catoblepas (Lair:4)
  Erolcha (D:8)
  A queen ant (Lair:3)
  Urug (Lair:2)
  Nergalle (Lair:4)
  Pikel (D:7)
  4 elephants (Lair:3)
  Joseph (D:8)
  The ghost of P0WERM0DE the Covert, a novice NaCK of Xom (D:4)
  A black mamba (Lair:2)
  4 spiny frogs
  A torpor snail (Lair:4)
  3 komodo dragons
  Grinder (D:4)
  11 blink frogs
  Eustachio (D:4)
  Sigmund (D:6)
  14 yaks
  2 basilisks (Lair:4)
  A hungry ghost (D:7)
  2 fire elementals (Volcano)
  Grum (D:8)
  8 hippogriffs
  9 wolves
  10 soldier ants (Lair:3)
  Edmund (D:4)
  11 water moccasins
  An orc warrior (D:7)
  6 porcupines
  An ice beast (D:8)
  A slave (D:7)
  2 phantoms
  4 ogres
  3 centaurs
  8 crocodiles
  A big kobold (D:8)
  8 giant frogs
  4 scorpions
  A water moccasin zombie (D:6)
  6 killer bees (D:7)
  2 electric eels (Lair:5)
  5 wights (D:6)
  A crimson imp (D:8)
  A wasp zombie (D:8)
  5 hounds
  4 orc priests (D:7)
  3 orc wizards (D:7)
  2 giant frog skeletons
  A centaur skeleton (D:5)
  7 iguanas
  Ijyb (D:3)
  Terence (D:3)
  24 worker ants
  6 sheep (Lair:3)
  Robin (D:4)
  13 adders
  4 gnolls (D:3)
  31 river rats
  A shadow imp (D:8)
  A white imp (D:6)
  An ooze (D:1)
  2 adder zombies
  2 worms
  2 giant geckos
  18 orcs
  7 giant cockroaches
  15 goblins
  12 hobgoblins
  21 jackals
  A quokka (D:8)
  2 ball pythons
  6 bats
  2 giant gecko skeletons (D:4)
  5 giant newts
  A goblin skeleton (D:6)
  2 goblin zombies (D:6)
  2 hobgoblin zombies (D:6)
  10 kobolds
  An orc skeleton (D:6)
  A quokka skeleton (D:5)
  8 rats
381 creatures vanquished.

Vanquished Creatures (collateral kills)
  4 soldier ants (Lair:3)
  13 worker ants (Lair:3)
  A sheep (Lair:3)
18 creatures vanquished.

Vanquished Creatures (others)
  A very ugly thing (D:4)
  A slave (D:7)
  A black bear (D:7)
  A hobgoblin (D:2)
  A ball python (D:2)
  A giant newt (D:7)
  2 fire vortices (Volcano)
  A fungus (Lair:4)
  2 plants
11 creatures vanquished.

Grand Total: 410 creatures vanquished

Notes
Turn   | Place    | Note
--------------------------------------------------------------
     0 | D:1      | Oddball22 the Demonspawn Berserker began the quest for the Orb.
     0 | D:1      | Reached XP level 1. HP: 18/18 MP: 1/1
   363 | D:1      | Gained mutation: You are partially covered in rough black scales (AC +4, Dex -1). [demonic ancestry]
   363 | D:1      | Reached XP level 2. HP: 20/24 MP: 0/2
   791 | D:1      | Reached XP level 3. HP: 29/29 MP: 3/3
   837 | D:1      | Reached ** piety under Trog
  1132 | D:2      | Found an ancient bone altar of Kikubaaqudgha.
  1477 | D:2      | Found a snail-covered altar of Cheibriados.
  1616 | D:2      | Gained mutation: You have large cloven feet. [demonic ancestry]
  1616 | D:2      | Reached XP level 4. HP: 35/35 MP: 4/4
  2463 | D:3      | Noticed Ijyb
  2476 | D:3      | Killed Ijyb
  2476 | D:3      | Reached skill level 4 in Maces & Flails
  2703 | D:3      | Gained mutation: You have hoof-like feet. [demonic ancestry]
  2703 | D:3      | Reached XP level 5. HP: 42/42 MP: 5/5
  2902 | D:3      | Noticed Terence
  2909 | D:3      | Killed Terence
  3042 | D:3      | Found a shattered altar of Ashenzari.
  3052 | D:3      | Reached *** piety under Trog
  3719 | D:4      | Noticed P0WERM0DE's ghost (novice NaCK)
  3742 | D:4      | Killed P0WERM0DE's ghost
  3742 | D:4      | Reached skill level 5 in Maces & Flails
  3742 | D:4      | Gained mutation: You are partially covered in sharp spines. [demonic ancestry]
  3742 | D:4      | Reached XP level 6. HP: 49/49 MP: 1/6
  3742 | D:4      | Gained mutation: You are slightly more attuned to the shadows. [demonic ancestry]
  3742 | D:4      | Reached XP level 7. HP: 55/55 MP: 1/7
  3849 | D:4      | Got a shimmering quarterstaff
  3892 | D:4      | Found a white marble altar of Elyvilon.
  3932 | D:4      | Noticed Edmund
  3952 | D:4      | Killed Edmund
  3952 | D:4      | Reached skill level 5 in Fighting
  3952 | D:4      | Reached skill level 6 in Maces & Flails
  3965 | D:4      | Found a shimmering altar of Xom.
  4000 | D:4      | Found a radiant altar of Vehumet.
  4006 | D:4      | Noticed Eustachio
  4017 | D:4      | Killed Eustachio
  4127 | D:4      | Reached XP level 8. HP: 50/62 MP: 8/8
  4220 | D:4      | Noticed Grinder
  4230 | D:4      | Paralysed by Grinder for 5 turns
  4237 | D:4      | Killed Grinder
  4355 | D:4      | Noticed Robin
  4374 | D:4      | Killed Robin
  4378 | D:4      | Reached **** piety under Trog
  4471 | D:4      | Reached skill level 7 in Maces & Flails
  4543 | D:4      | Found an oddly glowing altar of Pakellas.
  4545 | D:4      | Noticed a purple very ugly thing
  4557 | D:4      | Killed a purple very ugly thing
  4688 | D:5      | Entered Level 5 of the Dungeon
  4923 | D:5      | Found a staircase to the Ecumenical Temple.
  5022 | D:5      | Reached skill level 5 in Dodging
  5395 | D:6      | Found a stormy altar of Qazlal.
  5559 | D:6      | Gained mutation: You are mostly covered in rough black scales (AC +7, Dex -2). [demonic ancestry]
  5559 | D:6      | Reached XP level 9. HP: 54/69 MP: 9/9
  5591 | D:6      | Found a glowing golden altar of the Shining One.
  5723 | D:6      | Reached skill level 8 in Maces & Flails
  5739 | D:6      | Noticed Sigmund
  5755 | D:6      | Killed Sigmund
  5895 | D:6      | Found Xogoeg's Distillery.
  6213 | D:7      | Reached ***** piety under Trog
  6245 | D:7      | Noticed Pikel
  6257 | D:7      | Killed Pikel
  6330 | D:7      | Reached skill level 5 in Armour
  6382 | D:7      | Reached skill level 9 in Maces & Flails
  6713 | D:7      | Gained mutation: Your flesh is cold resistant. [demonic ancestry]
  6713 | D:7      | Reached XP level 10. HP: 66/79 MP: 10/10
  7368 | D:8      | Identified the +7 quarterstaff "Giantslayer" {freeze, rC- MR+++ Str+4 Dex+4} (You found it on level 4 of the Dungeon)
  7377 | D:8      | Noticed Grum
  7386 | D:8      | Received a gift from Trog
  7392 | D:8      | Killed Grum
  7430 | D:8      | Noticed Joseph
  7446 | D:8      | Killed Joseph
  7812 | D:8      | Noticed Erolcha
  7821 | D:8      | Killed Erolcha
  8257 | D:8      | Found a staircase to the Lair.
  8364 | D:8      | Found a blossoming altar of Fedhas.
  8680 | Lair:1   | Entered Level 1 of the Lair of Beasts
  8839 | Lair:1   | Noticed a spiny frog
  8854 | Lair:1   | Killed a spiny frog
  9390 | Lair:2   | Noticed Urug
  9404 | Lair:2   | Killed Urug
  9404 | Lair:2   | Gained mutation: You have hooves in place of feet. [demonic ancestry]
  9404 | Lair:2   | Reached XP level 11. HP: 28/84 MP: 11/11
  9736 | Lair:2   | Reached skill level 5 in Staves
 10751 | Lair:3   | Noticed a queen ant
 10769 | Lair:3   | Received a gift from Trog
 10776 | Lair:3   | Killed a queen ant
 10968 | Lair:3   | Noticed Gastronok
 10985 | Lair:3   | Killed Gastronok
 10985 | Lair:3   | Reached XP level 12. HP: 74/91 MP: 12/12
 11035 | Lair:3   | Noticed Herrn's ghost (journeyman FoFi)
 11057 | Lair:3   | Killed Herrn's ghost
 11195 | Lair:3   | Gained mutation: You are frail (-10% HP). [potion of mutation]
 11195 | Lair:3   | Gained mutation: Your muscles are strong. (Str +2) [potion of mutation]
 11195 | Lair:3   | Gained mutation: You expend magic power (3 MP) to strengthen your wands. [potion of mutation]
 11196 | Lair:3   | Gained mutation: You possess an exceptional clarity of mind. [potion of mutation]
 11196 | Lair:3   | Lost mutation: You possess an exceptional clarity of mind. [potion of mutation]
 11196 | Lair:3   | Lost mutation: You are frail (-10% HP). [potion of mutation]
 11203 | Lair:3   | Lost mutation: You expend magic power (3 MP) to strengthen your wands. [potion of cure mutation]
 11203 | Lair:3   | Lost mutation: Your muscles are strong. (Str +2) [potion of cure mutation]
 11461 | Lair:3   | Got a steaming ivory ring
 11519 | Lair:3   | Identified the ring of the Ant {Ice Dex+7} (You found it on level 3 of the Lair of Beasts)
 11646 | Lair:4   | Noticed a seven-headed hydra
 11654 | Lair:4   | Killed a seven-headed hydra
 11919 | Lair:4   | Noticed a catoblepas
 11939 | Lair:4   | Killed a catoblepas
 11939 | Lair:4   | Reached skill level 10 in Staves
 12302 | Lair:4   | Noticed Rupert
 12315 | Lair:4   | Killed Rupert
 12315 | Lair:4   | Reached skill level 10 in Dodging
 12380 | Lair:4   | Noticed Nergalle
 12391 | Lair:4   | Killed Nergalle
 12656 | Lair:4   | Noticed a seven-headed hydra
 12676 | Lair:4   | Killed a seven-headed hydra
 12676 | Lair:4   | Reached XP level 13. HP: 33/96 MP: 13/13
 12758 | Lair:4   | Reached skill level 1 in Crossbows
 13128 | Lair:5   | Received a gift from Trog
 13350 | Lair:5   | Found a dark tunnel.
 13374 | Volcano  | Entered a volcano
 13420 | Volcano  | Mangled by a fire vortex

Vault maps used:
D:1:      lightli_arrival_statue_moat, serial_park_tiny_2
D:2:      nicolae_overflow_hidden_temple, nicolae_overflow_crystal_walls,
          first_bread, lemuel_flame_loot_1
D:3:      ashenzari_conservatory_becter, uniq_terence, uniq_iyjb
D:4:      vehumet_altar_wand_db, lemuel_crystal_altar, old_standard_altar,
          gammafunk_pakellas_spire_experiment, grunt_decor_cap, uniq_robin,
          uniq_edmund, uniq_eustachio, uniq_grinder
D:5:      minmay_temple_entry_mist
D:6:      nicolae_tso_besieged_by_evil, marbit_many_paths,
          lightli_sewer_entry_pipes, serial_shops, shop, hangedman_glass_teeth,
          corexii_shack, minmay_stone_trees_large, hangedman_decor_slide_cut,
          uniq_sigmund
D:7:      black_bear_nest_2, grunt_ogre_cave, uniq_pikel
D:8:      kennysheep_mini, lair_0_dummy, lemuel_another_geyser, uniq_joseph,
          uniq_grum, uniq_erolcha
Lair:1:   nicolae_lair_grove_arrangements
Lair:2:   uniq_urug
Lair:3:   zaba_anthell, uniq_gastronok
Lair:4:   grunt_megastairs_5, lemuel_fruit_fields, uniq_rupert, uniq_nergalle
Lair:5:   nicolae_spider_entry_orb_guardian, enter_volcano_1,
          serial_bayou_shore_a, grunt_megastairs_4
Volcano:  volcano_aerie

Action                   |  1- 3 |  4- 6 |  7- 9 | 10-12 | 13-15 || total
-------------------------+-------+-------+-------+-------+-------++-------
Melee: Mace              |   113 |    34 |       |       |       ||   147
       Spear             |    14 |     6 |    12 |       |       ||    32
       Whip              |       |   108 |   358 |    74 |     4 ||   544
       Quarterstaff      |       |       |       |   478 |    61 ||   539
Invok: Berserk           |       |     4 |     4 |     9 |     1 ||    18
       Trog's Hand       |       |     1 |       |     4 |       ||     5
       Burn Spellbooks   |       |     1 |       |       |       ||     1
       Brothers in Arms  |       |       |       |     1 |       ||     1
  Use: Potion            |     2 |       |       |    13 |       ||    15
       Scroll            |       |     2 |    12 |     3 |     1 ||    18
 Stab: Sleeping          |     1 |     1 |     7 |     9 |     1 ||    19
       Distracted        |       |       |       |     1 |     1 ||     2
  Eat: Chunk             |     2 |     6 |    12 |    41 |     4 ||    65
       Bread ration      |       |     1 |     1 |       |       ||     2
       Beef jerky        |       |       |       |     1 |       ||     1
